 Dungeon Crawl Stone Soup version 0.30.0-13-g156ef70053 (webtiles) character file.

Game seed: 146245293530676395

191 jtron the Stinger (level 5, 0/36 HPs)
             Began as a Demonspawn Venom Mage on May 17, 2023.
             Slain by a water moccasin (4 damage)
             ... on level 4 of the Dungeon.
             The game lasted 00:10:06 (3533 turns).

jtron the Stinger (Demonspawn Venom Mage)           Turns: 3533, Time: 00:10:07

Health: 0/36       AC:  4    Str:  8 (9)  XL:     5   Next: 41%
Magic:  9/9        EV: 12    Int: 15 (18) God:
Gold:   140        SH:  0    Dex: 12 (13) Spells: 5/9 levels left

rFire   . . .        a - +3 dagger (freeze)
rCold   . . .        (no shield)
rNeg    . . .        c - +2 robe
rPois   +            (no helmet)
rElec   .            (no cloak)
rCorr   .            (no gloves)
SInv    .            (no boots)
Will    .....        (no amulet)
Stlth   ++           f - ring of poison resistance
HPRegen 0.26/turn    (no ring)
MPRegen 0.11/turn

%: no passive effects
@: no status effects
A: foul stench 1, powered by pain 1, sturdy frame 1
a: no special abilities


You were on level 4 of the Dungeon.
You visited 1 branch of the dungeon, and saw 4 of its levels.

You collected 140 gold pieces.

Inventory:

Hand Weapons
 a - a +3 dagger of freezing (weapon)
 b - a +0 sling of chaos
Missiles
 e - 54 stones
 j - 6 boomerangs (quivered)
 o - 3 javelins
Armour
 c - a +2 robe (worn)
Jewellery
 f - a ring of poison resistance (left hand)
Scrolls
 i - a scroll of enchant armour
Potions
 d - a potion of lignification {unknown}
 g - a potion of resistance
 k - a potion of heal wounds {unknown}
 m - a potion of magic
 n - a potion of curing


   Skills:
 + Level 0.8 Fighting
 + Level 1.0 Short Blades
 + Level 0.4 Ranged Weapons
 + Level 0.5 Throwing
 + Level 2.3 Dodging
 + Level 2.0 Stealth
 + Level 2.8 Spellcasting
 * Level 1.3 Conjurations
 - Level 1.6 Transmutations
 * Level 1.8 Air Magic
 - Level 3.2 Poison Magic


You had 5 spell levels left.
You knew the following spells:

 Your Spells              Type           Power      Damage    Failure   Level
a - Sting                 Tmut/Pois      36%        1d4       8%          1
b - Mephitic Cloud        Conj/Pois/Air  8%         N/A       26%         3

Your spell library contained the following spells:

 Spells                   Type           Power      Damage    Failure   Level
 Poisonous Vapours        Pois/Air       18%        N/A       11%         2
 Olgreb's Toxic Radiance  Pois           12%        N/A       45%         4


Dungeon Overview and Level Annotations

Branches:
Dungeon (4/15)
 Temple: D:4-7

Altars:
Cheibriados
Ru
Sif Muna
Uskayaw


Innate Abilities, Weirdness & Mutations

You may rarely emit foul miasma when damaged in melee.
You sometimes gain a little power by taking damage.
Your movements are slightly less encumbered by armour. (ER -2)


Message History

The iguana bites you!
You hit the iguana. You freeze the iguana.
You kill the iguana!
Found a coppery potion.
You see here an adder corpse.
You start resting.
An endoplasm is nearby!
A water moccasin comes into view.
The water moccasin hisses angrily.
Found 8 gold pieces.
Casting: Sting (safe; 6% risk of failure)
Confirm with . or Enter, or press ? or * to list all spells.
Aiming: Sting (safe; 6% risk of failure)
Press: ? - help, Shift-Dir - straight line, f - water moccasin
Aim: a water moccasin (53% to hit)
The sting misses the water moccasin.
The water moccasin bites you! The water moccasin misses you.
The air fills with toxic fumes!
As you read the scroll labelled YCLEUPT OWOBB, it crumbles to dust.
It was a scroll of poison.
The water moccasin bites you.
The water moccasin attacks as you move away!
The water moccasin closely misses you.
The water moccasin bites you but does no damage.
The water moccasin bites you!
* * * LOW HITPOINT WARNING * * *
You barely miss the water moccasin.
The water moccasin bites you but does no damage.
It was a potion of curing.
You feel better. The water moccasin bites you. x2
It was a potion of degeneration.
There was something very wrong with that liquid.
You feel weakened.
You feel dopey.
You feel clumsy. The water moccasin bites you.
* * * LOW HITPOINT WARNING * * *
You aren't carrying any items that you can evoke.
You hit the water moccasin but do no damage.
The water moccasin bites you.
* * * LOW HITPOINT WARNING * * *
You barely miss the water moccasin. The water moccasin closely misses you.
The water moccasin bites you.
You die...

##?.#....#>....?.. #
.........#.......# #
##☼.#)#..#..§......
#§☼........☼§..##.## # #
#☼§......§§§..... . .
#§##§§.....☼§§....# ##.#
.☼§§§§§...☼§§§..#.#.##.#
.☼§○§☼§##§☼#§§☼.........
.§☼§☼○$@○§§§§§☼.....##.#
#§§☼§§☼S§§☼○§§§...#....#
#§§§§☼§§§§§§§#§.........
#☼##☼##○##§§☼§§.........
# #. #§##☼#§#§.#.#.####
# #○##.#.§§.#.# # #
#§......§...# #
####)#.#.#### #
#.#####.#.#.#########


You could see a water moccasin.

Vanquished Creatures
  A hound (D:4)
  An iguana (D:4)
  6 adders
  2 worms (D:2)
  2 dart slugs
  2 orcs (D:4)
  5 bats
  3 endoplasms (D:1)
  A giant cockroach (D:1)
  5 goblins
  4 hobgoblins
  2 jackals (D:4)
  14 kobolds
  4 quokkas
  8 ball pythons
  3 frilled lizards
  12 rats
75 creatures vanquished.

Notes
Turn   | Place    | Note
-------+----------+-------------------------------------------
     0 | D:1      | jtron the Demonspawn Venom Mage began the quest for the
                  | Orb.
     0 | D:1      | Reached XP level 1. HP: 13/13 MP: 3/3
    41 | D:1      | Reached skill level 1 in Transmutations
   184 | D:1      | Gained mutation: Your movements are slightly less
                  | encumbered by armour. (ER -2) [demonic ancestry]
   184 | D:1      | Reached XP level 2. HP: 13/19 MP: 3/5
   976 | D:1      | Reached XP level 3. HP: 25/25 MP: 3/6
   980 | D:1      | Learned a level 3 spell: Mephitic Cloud
  1215 | D:2      | Found a hide-covered altar of Uskayaw.
  2512 | D:3      | Gained mutation: You may rarely emit foul miasma when
                  | damaged in melee. [demonic ancestry]
  2512 | D:3      | Reached XP level 4. HP: 31/31 MP: 5/7
  2687 | D:3      | Reached skill level 1 in Air Magic
  2778 | D:3      | Found a sacrificial altar of Ru.
  3235 | D:4      | Found a shimmering blue altar of Sif Muna.
  3240 | D:4      | Found a snail-covered altar of Cheibriados.
  3247 | D:4      | Reached skill level 1 in Short Blades
  3247 | D:4      | Reached skill level 1 in Conjurations
  3270 | D:4      | Gained mutation: You sometimes gain a little power by
                  | taking damage. [demonic ancestry]
  3270 | D:4      | Reached XP level 5. HP: 34/36 MP: 6/9
  3522 | D:4      | Noticed a water moccasin
  3533 | D:4      | Slain by a water moccasin

Illustrated notes

Levels and vault maps discovered:
D:1:      lemuel_arrival_broad_hall, layout_basic
D:2:      layout_loops_corners, basic_altar, kennysheep_cross_bottleneck,
          lexackson_kobold_supper
D:3:      layout_rooms, mainiacjoe_overflow_alcove_1, minmay_misc_feat_doors,
          kennysheep_generic_room_10
D:4:      layout_basic, nicolae_overflow_squiral, grunt_decor_junction

Skill      XL: |  1  2  3  4  5 |
---------------+----------------+-----
Transmutations | 1 |  1.6
Dodging        | 2 |  2.3
Air Magic      | 1 |  1.8
Short Blades   | 1 |  1.0
Conjurations   | 1 |  1.3
Stealth        | 2 |  2.0
Fighting       | |  0.8
Ranged Weapons | |  0.4
Throwing       | |  0.5
Spellcasting   | |  2.8
Poison Magic   | |  3.2

Action                     |  1- 3 |  4- 6 || total
---------------------------+-------+-------++-------
  Melee: Dagger            |    88 |    46 ||   134
         Unarmed           |     1 |       ||     1
         Punch             |     1 |     1 ||     2
   Fire: Sling             |       |    14 ||    14
  Throw: Stone             |     3 |       ||     3
         Boomerang         |    10 |     3 ||    13
   Cast: Sting             |    54 |    28 ||    82
    Use: Scroll            |     7 |     4 ||    11
         Potion            |       |     2 ||     2
   Stab: Sleeping          |     1 |     1 ||     2
 Armour: Robe              |    14 |    14 ||    28
  Dodge: Dodged            |    72 |    34 ||   106
